 Dungeon Crawl Stone Soup version 0.21.1-1-g345015fe64 (webtiles) character file.

555 LevaFresel the Chopper (level 7, -3/54 HPs)
             Began as a Human Fighter on June 12, 2018.
             Slain by makkenr95's ghost (8 damage)
             ... on level 5 of the Dungeon.
             The game lasted 00:15:35 (3616 turns).

LevaFresel the Chopper (Human Fighter)              Turns: 3616, Time: 00:15:36

Health: -3/54      AC: 12    Str: 19    XL:     7   Next: 56%
Magic:  7/7        EV:  7    Int:  8    God:
Gold:   220        SH:  7    Dex: 12    Spells: 6/6 levels left

rFire    + . .     SeeInvis .   r - +2 falchion (flame)
rCold    . . .     Gourm    .   c - +0 shield
rNeg     . . .     Faith    .   u - +4 ring mail of Sunlight {rF+}
rPois    +         Spirit   .   i - +0 helmet
rElec    .         Reflect  .   x - +0 cloak
rCorr    +         Harm     .   y - +0 pair of gloves
MR       .....                  (no boots)
Stlth    +.........             (no amulet)
HPRegen  0.18/turn              z - ring of resist corrosion
MPRegen  0.10/turn              w - ring of poison resistance

@: about to teleport, extremely drained
A: no striking features
a: no special abilities


You were on level 5 of the Dungeon.
You were not hungry.

You visited 1 branch of the dungeon, and saw 5 of its levels.

You collected 220 gold pieces.

Inventory:

Hand Weapons
 a - a +0 war axe
 r - a +2 falchion of flaming (weapon)
Missiles
 j - 20 poisoned needles
 l - 8 silver javelins (quivered)
 v - 7 needles of paralysis
Armour
 c - a +0 shield (worn)
 i - a +0 helmet (worn)
 u - the +4 ring mail of Sunlight (worn) {rF+}
   (You found it on level 4 of the Dungeon)

   It protects you from fire.
 x - a +0 cloak (worn)
 y - a +0 pair of gloves (worn)
Jewellery
 w - a ring of poison resistance (right hand)
 z - a ring of resist corrosion (left hand)
Wands
 o - a wand of iceblast (6)
Scrolls
 h - a scroll of amnesia {unknown}
 k - 2 scrolls of fog {unknown}
 m - 2 scrolls of identify
 p - 3 scrolls of enchant weapon
 t - 2 scrolls of teleportation
 B - a scroll of remove curse
Potions
 d - 2 potions of might
 e - a potion of brilliance {unknown}
 g - 4 potions of magic {unknown}
 n - a potion of degeneration {unknown}
 q - a potion of flight {unknown}
 s - a potion of ambrosia {unknown}
Comestibles
 f - 7 rations


   Skills:
 + Level 4.1(0.0) Fighting
 * Level 4.8(0.0) Axes
 + Level 4.2(0.0) Armour
 + Level 2.7(0.0) Dodging
 + Level 4.3(0.0) Shields


You had 6 spell levels left.
You didn't know any spells.

Dungeon Overview and Level Annotations

Branches:
Dungeon (5/15)
 Temple: D:4-7

Altars:
Kikubaaqudgha
Uskayaw
Wu Jian
Xom

Annotations:
D:5 makkenr95's ghost, novice FoSk


Message History

Makkenr95's ghost is almost destroyed.
You block makkenr95's ghost's attack.
You closely miss makkenr95's ghost.
Makkenr95's ghost is almost destroyed.
Makkenr95's ghost hits you but does no damage.
You feel drained.
Makkenr95's ghost says, "You will serve me forever."
Makkenr95's ghost hits you.
You feel drained.
Your shield and ring mail of Sunlight prevent you from hitting makkenr95's ghost.
Makkenr95's ghost is almost destroyed.
Makkenr95's ghost hits you!
* * * LOW HITPOINT WARNING * * *
You feel drained.
* * * LOW HITPOINT WARNING * * *
You barely miss makkenr95's ghost.
Makkenr95's ghost is almost destroyed.
You block makkenr95's ghost's attack.
As you read the scroll of teleportation, it crumbles to dust.
You feel strangely unstable. Makkenr95's ghost hits you!
You die...

.).. .... ....
....... .....
##....... .....
........ ....
....... #..###......
#..W....# #.#.#@>..#
#.._.†...#
#..#.#....## #.
#...#...##
#####....#####
##.........#######
##.................
....................
................#


You could see makkenr95's ghost.

Vanquished Creatures
  The ghost of LevaFresel the Skirmisher, an amateur HuFi (D:3)
  A crimson imp (D:3)
  An orc wizard (D:4)
  Jessica (D:2)
  An iguana (D:4)
  4 worker ants (D:4)
  3 gnolls (D:4)
  11 adders
  A worm (D:3)
  A dart slug (D:1)
  6 leopard geckos
  7 orcs
  7 giant cockroaches
  6 goblins
  5 hobgoblins
  4 jackals (D:1)
  2 quokkas
  A ball python (D:1)
  7 bats
  A frilled lizard (D:1)
  7 kobolds
  2 rats
80 creatures vanquished.

Notes
Turn   | Place    | Note
-------+----------+-------------------------------------------
     0 | D:1      | LevaFresel the Human Fighter began the quest for the Orb.
     0 | D:1      | Reached XP level 1. HP: 18/18 MP: 1/1
   165 | D:1      | Reached XP level 2. HP: 24/24 MP: 2/2
   626 | D:1      | Reached XP level 3. HP: 24/29 MP: 3/3
  1004 | D:2      | Found an ornate altar of the Wu Jian Council.
  1123 | D:2      | Noticed Jessica
  1134 | D:2      | Reached skill level 1 in Dodging
  1139 | D:2      | Reached XP level 4. HP: 17/35 MP: 4/4
  1143 | D:2      | HP: 1/35 [Jessica/nerve-wracking pain (4)]
  1145 | D:2      | Killed Jessica
  1584 | D:3      | Reached XP level 5. HP: 34/41 MP: 5/5
  1751 | D:3      | Noticed LevaFresel's ghost (amateur HuFi)
  1764 | D:3      | Killed LevaFresel's ghost
  1764 | D:3      | Reached XP level 6. HP: 5/48 MP: 6/6
  2707 | D:4      | Reached XP level 7. HP: 52/53 MP: 7/7
  2840 | D:4      | Got a blackened ring mail
  2947 | D:5      | Entered Level 5 of the Dungeon
  3021 | D:4      | Found an ancient bone altar of Kikubaaqudgha.
  3290 | D:4      | Found a hide-covered altar of Uskayaw.
  3554 | D:4      | Identified the +4 ring mail of Sunlight {rF+} (You found it on level 4 of the Dungeon)
  3573 | D:5      | Found a shimmering altar of Xom.
  3577 | D:5      | Noticed makkenr95's ghost (novice FoSk)
  3616 | D:5      | Slain by makkenr95's ghost

Skill      XL: |  1  2  3  4  5  6  7 |
---------------+----------------------+-----
Dodging        | 1 2 |  2.7
Axes           | 3 4 |  4.8
Shields        | 4 |  4.3
Armour         | 4 |  4.2
Fighting       | 4 |  4.1

Action                   |  1- 3 |  4- 6 |  7- 9 || total
-------------------------+-------+-------+-------++-------
Melee: War axe           |    95 |    87 |       ||   182
       Falchion          |       |    61 |   135 ||   196
Evoke: Wand              |       |       |     1 ||     1
  Use: Potion            |       |     1 |       ||     1
       Scroll            |       |     6 |     2 ||     8
  Eat: Ration            |       |     1 |     2 ||     3
       Chunk             |       |     1 |     1 ||     2
Armor: Scale mail        |    59 |    57 |       ||   116
       Chain mail        |       |    16 |    70 ||    86
       Ring mail         |       |       |    28 ||    28
Dodge: Dodged            |    50 |    40 |    36 ||   126
Block: Shield            |    70 |    85 |    91 ||   246
       Rpst.: Falchion   |       |     5 |     8 ||    13
